AoeStats
← Juyhou

Nomad

510272827Analyzed
4v4 RM · 2d ago on Sep 30, 2026· 42m 31s· 8 players
Game mode
Random Map
Map size
231×231
Population
200
Speed
Normal
Resources
Standard
Victory
Conquest
Starting age
Dark Age
Ending age
Imperial Age
RankedLock teamsTeams togetherTeam positionsShared explorationLock speedFull tech treeHidden civsTurbo modeCheats
Victory
Defeat
🇻🇳 Varangians · Vietnam
1949
+2
🇫🇮 Danes · Finland
1872
+2
🇸🇰 Wu · Slovakia
1580
+8
🇨🇳 Dravidians · China
1386
+16
🇹🇼 Slavs · Taiwan
1545
-10
🇹🇼 Varangians · Taiwan
1444
-7
🇦🇺 Mongols · Australia
1376
-6
🇨🇳 Turks · China
1369
-5
Toan Perfect
4:52 Loom
12:59 Feudal Age
13:45 Double-Bit Axe
16:34 Castle Age
14:20 Fishing Lines
14:55 Double-Bit Axe
15:21 Town Watch
15:53 Gold Mining
16:31 Fletching
17:17 Bodkin Arrow
17:34 Bow Saw
23:10 Wheelbarrow
23:42 Scale Barding Armor
23:48 Forging
24:26 Bloodlines
24:17 Husbandry
25:02 Chain Barding Armor
25:40 Husbandry
25:44 Gillnets
29:39 Horse Collar
31:16 Iron Casting
30:47 Heavy Plow
31:12 Stone Mining
33:05 Vendel Legacy
38:05 Imperial Age
37:28 Light Cavalry
38:36 Caravan
39:12 Conscription
38:33 Cavalier
40:15 Plate Barding Armor
40:50 Blast Furnace
40:26 Ballistics
40:17 Masonry
39:48 Treadmill Crane
39:39 Capped Ram
40:52 Hand Cart
41:18 Bracer
Shigure
5:18 Loom
13:48 Feudal Age
19:35 Castle Age
18:35 Double-Bit Axe
18:47 Fishing Lines
20:00 Demolition Ship
21:34 Gold Mining
22:24 Bow Saw
22:17 Stone Mining
23:02 Gillnets
31:46 Wheelbarrow
31:12 Loom
Juyhou
6:55 Loom
6:57 Loom
11:17 Feudal Age
11:51 Double-Bit Axe
12:36 Fishing Lines
15:30 Town Watch
20:17 Castle Age
19:19 Fletching
21:37 Bodkin Arrow
23:50 Forging
23:42 Pikeman
28:36 Gillnets
29:19 Squires
30:52 Bow Saw
37:48 Gold Mining
40:18 Scale Mail Armor
Rado the Yellow
12:41 Feudal Age
16:14 Castle Age
14:43 Scale Mail Armor
14:57 Double-Bit Axe
16:09 Forging
16:07 Loom
16:15 Arson
17:05 Bow Saw
18:05 Wheelbarrow
18:41 Chain Mail Armor
21:53 Squires
24:07 Horse Collar
29:02 Hand Cart
37:42 Heavy Plow
39:48 Fishing Lines
Captain Jack Sparrow
9:37 Loom
13:37 Feudal Age
14:22 Double-Bit Axe
18:49 Castle Age
17:17 Gold Mining
17:40 Arson
17:58 Scale Mail Armor
17:48 Horse Collar
19:32 Forging
19:45 Squires
20:19 Bow Saw
21:02 Town Watch
29:41 Gambesons
32:24 Wheelbarrow
34:44 Hand Cart
36:31 Chain Mail Armor
38:33 Iron Casting
44:06 Imperial Age
Benjamin
13:04 Feudal Age
18:28 Castle Age
17:04 Double-Bit Axe
17:01 Horse Collar
17:49 Scale Barding Armor
17:55 Forging
17:56 Bloodlines
19:19 Husbandry
19:40 Chain Barding Armor
19:56 Iron Casting
20:01 Bow Saw
22:10 Wheelbarrow
21:20 Town Watch
32:33 Loom
33:03 Hand Cart
825889483
5:13 Loom
13:31 Feudal Age
17:15 Castle Age
17:48 Town Watch
18:38 Wheelbarrow
19:17 Medium Warships
19:47 Forging
32:09 Husbandry
34:27 Bloodlines
Snarkegard
3:25 Loom
12:35 Feudal Age
18:10 Castle Age
16:39 Fletching
17:14 Town Watch
20:44 Bodkin Arrow
Connection lost

Rejoining the realm…

Still unreachable

The connection could not be restored.

Session expired

The server has moved on; the page needs a fresh start.